 Dungeon Crawl Stone Soup version 0.22.1-1-ga44c0e56f4 (webtiles) character file.

42560 VendettaCH the Blocker (level 14, 0/84 HPs)
             Began as a Gargoyle Fighter on Oct 14, 2018.
             Was the Champion of Okawaru.
             Killed from afar by a deep elf mage (3 damage)
             ... with a bolt of lightning
             ... on level 2 of the Elven Halls on Oct 15, 2018.
             The game lasted 01:56:05 (19790 turns).

VendettaCH the Blocker (Gargoyle Fighter)          Turns: 19790, Time: 01:56:05

Health: 0/84       AC: 35    Str: 27    XL:     14   Next: 20%
Magic:  0/16       EV:  8    Int: 11    God:    Okawaru [******]
Gold:   161        SH: 14    Dex: 10    Spells: 13/13 levels left

rFire    . . .     SeeInvis .   d - +3 demon whip (elec)
rCold    + . .     Gourm    .   c - +0 shield
rNeg     + . .     Faith    .   L - +2 plate armour {rC+}
rPois    ∞         Spirit   +   H - +2 hat
rElec    +         Reflect  .   j - +2 cloak
rCorr    .         Harm     .   (no gloves)
MR       +....                  i - +0 pair of boots
Stlth    ..........             e - amulet of guardian spirit
HPRegen  0.24/turn              D - +3 ring of strength
MPRegen  0.15/turn              g - +2 ring of strength

@: no status effects
A: big wings, negative energy resistance 1, electricity resistance, unbreathing,
petrification resistance, rot immunity, AC +10
a: Fly, Heroism, Finesse, Renounce Religion


You were on level 2 of the Elven Halls.
You worshipped Okawaru.
Okawaru was exalted by your worship.
You were not hungry.

You visited 4 branches of the dungeon, and saw 16 of its levels.

You collected 1590 gold pieces.
You spent 1429 gold pieces at shops.

Inventory:

Hand Weapons
 d - a +3 demon whip of electrocution (weapon)
Missiles
 E - a throwing net (quivered)
Armour
 c - a +0 shield (worn)
 i - a +0 pair of boots (worn)
 j - a +2 cloak (worn)
 H - a +2 hat (worn)
 L - a +2 plate armour of cold resistance (worn)
 O - a +0 large shield
Jewellery
 e - an amulet of guardian spirit (around neck)
 g - a +2 ring of strength (right hand)
 D - a +3 ring of strength (left hand)
Wands
 n - a wand of enslavement (23)
 u - a wand of scattershot (5)
 y - a wand of paralysis (26)
 C - a wand of acid (20)
 F - a wand of flame (28)
 G - a wand of random effects (32)
 I - a wand of clouds (4)
Scrolls
 k - a scroll of blinking {unknown}
 m - a scroll of holy word {unknown}
 p - a scroll of noise {unknown}
 q - 3 scrolls of enchant weapon {unknown}
 r - 2 scrolls of fear {unknown}
 s - 2 scrolls of enchant armour {unknown}
 x - 3 scrolls of amnesia {unknown}
 B - a scroll of remove curse
 J - a scroll of fog
Potions
 a - 3 potions of flight
 h - a potion of lignification {unknown}
 l - 5 potions of brilliance
 o - a potion of agility {unknown}
 t - 2 potions of berserk rage
 v - 2 potions of ambrosia
 A - a potion of cancellation {unknown}
 M - a potion of magic {unknown}
Comestibles
 b - 5 chunks of flesh
 f - 21 rations


   Skills:
 - Level 8.5 Fighting
 - Level 14.2 Maces & Flails
 + Level 12.4 Armour
 - Level 3.3 Stealth
 * Level 14.9 Shields
 - Level 3.0 Invocations


You had 13 spell levels left.
You didn't know any spells.
Your spell library contained the following spells:

 Spells                   Type           Power        Failure   Level  Hunger
 Animate Skeleton         Necr           N/A          95%         1    ##.....
 Confusing Touch          Hex            #.....       95%         1    ##.....
 Pain                     Necr           #...         95%         1    ##.....
 Confuse                  Hex            #.......     100%        3    ####...
 Gell's Gravitas          Tloc           #.........   100%        3    ####...
 Vampiric Draining        Necr           #.........   100%        3    ####...
 Petrify                  Tmut/Erth      #.......     100%        4    #####..
 Bolt of Draining         Conj/Necr      #.........   100%        5    ######.
 Metabolic Englaciation   Hex/Ice        #.........   100%        5    ######.
 Yara's Violent Unravell  Hex/Tmut       #.........   100%        5    ######.
 Simulacrum               Ice/Necr       #.........   100%        6    #######


Dungeon Overview and Level Annotations

Branches:
Dungeon (11/15)            Temple (1/1) D:5             Orc (2/2) D:10
    Elf (2/3) Orc:2
   Lair: D:8-11

Altars:
Ashenzari
Cheibriados
Dithmenos
Elyvilon
Fedhas
Gozag
Hepliaklqana
Kikubaaqudgha
Makhleb
Nemelex Xobeh
Okawaru
Qazlal
Ru
Sif Muna
Trog
Uskayaw
Vehumet
Wu Jian
Xom
Yredelemnul
Zin
The Shining One

Shops:
D:5 (   D:9 :   Orc:1 *   Orc:2 :[*(   Elf:1 ?[(*


Innate Abilities, Weirdness & Mutations

You are resistant to torment.
Your stone body is resilient. (AC +10)
You are immune to poison.
Your large and strong wings let you fly indefinitely.
You resist negative energy. (rN+)
You are resistant to electric shocks. (rElec)
You can survive without breathing.
You are immune to petrification.
You are immune to rotting.


Message History

There is an open door here.
The deep elf mage casts a spell at you.
The bolt of lightning hits the dire flail of holy wrath.
The dire flail of holy wrath completely resists.
The bolt of lightning hits you! You resist.
* * * LOW HITPOINT WARNING * * *
Items here: ( )) [ an uncursed short sword; an uncursed shortbow; 14 arrows; a leather armour You block the dire flail of holy wrath's attack.
The dire flail of holy wrath barely misses you.
You block the dire flail of holy wrath's attack.
You block the dire flail of holy wrath's attack.
The dire flail of holy wrath hits you!
* * * LOW HITPOINT WARNING * * *
The dire flail of holy wrath hits you but does no damage.
The deep elf mage gestures at you while chanting.
The bolt of lightning hits the eveningstar of pain.
The eveningstar of pain completely resists.
The bolt of lightning hits you! You resist.
You die...

.........## #.#.##.#
........))###.#.##.#
......[###)##...##.# ......##
##)#..###.# .....## ##)..###.#
#.#.## ##......# #.#.# #..#####
##### ..#(## ##..#######
###...### #.##.## ##...(@..<.#
#.......# .#....##
##...((.....####........
#......###.....8................#
.###.##...##.........####.......#
## ###.####..8.......# #.......#
#.##..#.........# ##.....## ####
#.##e##.........## #......#
e..###.##.##..8.......##########.
#...##.##.##...............# ##


You could see a deep elf mage and 3 dancing weapons.

Vanquished Creatures
  An orc warlord (Orc:2)
  Louise (Elf:1)
  A deep elf death mage (Elf:1)
  4 two-headed ogres
  7 dancing weapons (Elf:2)
  2 orc high priests (Orc:2)
  9 deep elf knights
  8 deep elf archers
  4 orc knights (Orc:2)
  An orc sorcerer (Orc:2)
  21 deep elf magi
  3 large abominations (Elf:1)
  A troll (Orc:1)
  A hornet (D:10)
  5 hippogriffs
  A water elemental (Elf:2)
  2 fire elementals
  4 yaks (D:10)
  3 wargs
  A steam dragon (D:9)
  Edmund (D:6)
  A water moccasin (D:8)
  29 orc warriors
  11 ice beasts
  2 phantoms
  2 sky beasts (D:10)
  3 black bears
  5 centaurs
  7 ogres
  2 elf zombies (Elf:1)
  2 earth elementals (Elf:1)
  3 bullfrogs
  A scorpion (D:9)
  8 wights
  4 howler monkeys
  3 crimson imps
  2 bullfrog zombies
  A centaur zombie (D:7)
  A jelly (D:9)
  Crazy Yiuf (D:3)
  2 bullfrog skeletons
  2 centaur skeletons
  10 orc priests
  5 hounds
  17 orc wizards
  3 iguanas
  9 worker ants
  A killer bee zombie (D:9)
  A hound skeleton (D:8)
  A worker ant zombie (D:9)
  A river rat (D:6)
  8 adders
  2 shadow imps (D:7)
  An ooze (D:1)
  3 worms
  A dart slug (D:4)
  4 leopard geckos
  50 orcs
  9 giant cockroaches
  5 goblins
  6 hobgoblins
  14 jackals
  3 quokkas
  A ball python (D:2)
  2 bats
  5 frilled lizards
  4 kobolds
  9 rats
348 creatures vanquished.

Vanquished Creatures (others)
  A dancing weapon (Elf:2)
  8 fungi (Orc:2)
  4 pillars of salt (Elf:2)
13 creatures vanquished.

Grand Total: 361 creatures vanquished

Notes
Turn   | Place    | Note
-------+----------+-------------------------------------------
     0 | D:1      | VendettaCH the Gargoyle Fighter began the quest for the
                  | Orb.
     0 | D:1      | Reached XP level 1. HP: 14/14 MP: 1/1
   212 | D:1      | Reached XP level 2. HP: 19/19 MP: 2/2
   633 | D:1      | Reached XP level 3. HP: 23/23 MP: 3/3
  1198 | D:2      | Found a burning altar of Makhleb.
  1210 | D:2      | Reached XP level 4. HP: 28/28 MP: 4/4
  1803 | D:3      | Reached skill level 5 in Maces & Flails
  1803 | D:3      | Reached XP level 5. HP: 21/32 MP: 2/5
  2607 | D:3      | Found a runed door.
  2611 | D:3      | Noticed Crazy Yiuf
  2623 | D:3      | Killed Crazy Yiuf
  2800 | D:4      | Reached XP level 6. HP: 37/37 MP: 6/6
  3473 | D:5      | Entered Level 5 of the Dungeon
  3532 | D:5      | Reached XP level 7. HP: 31/41 MP: 5/7
  3834 | D:5      | Found Hioduwn's Weapon Boutique.
  3978 | D:5      | Noticed a hippogriff
  4382 | D:5      | Killed a hippogriff
  4382 | D:5      | Reached XP level 8. HP: 31/46 MP: 4/8
  4482 | D:5      | Found a staircase to the Ecumenical Temple.
  4893 | Temple   | Entered the Ecumenical Temple
  4896 | Temple   | Became a worshipper of Warmaster Okawaru
  5203 | D:6      | Noticed Edmund
  5237 | D:6      | Killed Edmund
  5359 | D:6      | Reached skill level 10 in Maces & Flails
  6263 | D:7      | Reached * piety under Okawaru
  6310 | D:7      | Reached XP level 9. HP: 14/51 MP: 2/9
  6319 | D:7      | HP: 2/51 [orc priest/divine providence (14)]
  7305 | D:7      | Reached ** piety under Okawaru
  8040 | D:8      | Noticed a two-headed ogre
  8610 | D:7      | Killed a two-headed ogre
  8610 | D:7      | Reached XP level 10. HP: 30/56 MP: 3/10
  8790 | D:8      | Noticed a two-headed ogre
  8920 | D:8      | Found a shimmering altar of Xom.
  8966 | D:8      | Reached *** piety under Okawaru
  9304 | D:8      | Killed a two-headed ogre
  9982 | D:9      | Noticed a two-headed ogre
  9992 | D:9      | Killed a two-headed ogre
  9992 | D:9      | Reached **** piety under Okawaru
  9992 | D:9      | Reached skill level 1 in Stealth
  9992 | D:9      | Reached skill level 1 in Invocations
 10363 | D:9      | Noticed a two-headed ogre
 10394 | D:10     | Entered Level 10 of the Dungeon
 10478 | D:9      | Reached skill level 5 in Fighting
 10478 | D:9      | Reached skill level 5 in Armour
 10743 | D:9      | Found Vicsev's Book Shoppe.
 10878 | D:9      | Noticed a two-headed ogre
 10884 | D:9      | Killed a two-headed ogre
 10884 | D:9      | Reached XP level 11. HP: 47/64 MP: 6/13
 11300 | D:10     | Found a staircase to the Orcish Mines.
 11309 | Orc:1    | Entered Level 1 of the Orcish Mines
 11371 | D:10     | Found a sparkling altar of Nemelex Xobeh.
 11420 | D:10     | Reached ***** piety under Okawaru
 11913 | D:10     | Reached skill level 5 in Shields
 12975 | Orc:1    | Found a burning altar of Makhleb.
 13079 | Orc:1    | Found Roxzyohe's Assorted Antiques.
 13170 | Orc:2    | Entered Level 2 of the Orcish Mines
 13184 | Orc:2    | Noticed an orc knight
 13229 | Orc:2    | Killed an orc knight
 13550 | Orc:2    | Noticed an orc knight
 13582 | Orc:2    | Killed an orc knight
 13657 | Orc:2    | Found Vihiary's Antique Weapon Boutique.
 13693 | Orc:2    | Found a staircase to the Elven Halls.
 13702 | Elf:1    | Entered Level 1 of the Elven Halls
 13702 | Elf:1    | Found Kubaorank's Antique Weapon Shoppe.
 13746 | Orc:2    | Noticed an orc sorcerer
 13765 | Orc:2    | Received a gift from Okawaru
 13921 | Orc:2    | Noticed a soul eater
 13923 | Orc:2    | Killed an orc sorcerer
 13923 | Orc:2    | Reached XP level 12. HP: 52/73 MP: 10/14
 13924 | Orc:2    | Found Fifudd's Antique Armour Emporium.
 13973 | Orc:2    | Found Cuneaj's General Store.
 14136 | Orc:2    | Noticed an orc high priest
 14144 | Orc:2    | Noticed a sun demon
 14145 | Orc:2    | Noticed a sun demon
 14145 | Orc:2    | Killed an orc high priest
 14365 | Orc:2    | Noticed an orc warlord
 14384 | Orc:2    | Killed an orc warlord
 14384 | Orc:2    | Reached ****** piety under Okawaru
 14660 | Orc:2    | Received a gift from Okawaru
 14701 | Orc:2    | Bought a helmet for 130 gold pieces
 14701 | Orc:2    | Bought a shiny plate armour for 754 gold pieces
 14757 | Orc:2    | Found Peeduf's Book Shoppe.
 14823 | Orc:2    | Bought a scroll of fog for 26 gold pieces
 14823 | Orc:2    | Bought a scroll of immolation for 45 gold pieces
 14823 | Orc:2    | Bought 2 potions of brilliance for 104 gold pieces
 14823 | Orc:2    | Bought a scroll of identify for 26 gold pieces
 14844 | Orc:2    | Noticed an orc high priest
 14850 | Orc:2    | Killed an orc high priest
 14958 | Orc:2    | Found a bloodstained altar of Trog.
 15170 | Elf:1    | Found Engihupo's Assorted Antiques.
 15432 | Elf:1    | Found Epiunob's Armour Shop.
 15439 | Elf:1    | Noticed a deep elf knight
 15460 | Elf:1    | Killed a deep elf knight
 15460 | Elf:1    | Reached skill level 10 in Shields
 15784 | Elf:1    | Noticed a deep elf death mage
 15800 | Elf:1    | Killed a deep elf death mage
 15803 | Elf:1    | Identified Noup Foo's Guide on Sinister Rites
 15939 | Elf:1    | Reached skill level 10 in Armour
 15990 | Elf:1    | Noticed Louise
 16013 | Elf:1    | Reached XP level 13. HP: 69/79 MP: 13/15
 16067 | Elf:1    | Killed Louise
 16494 | Elf:1    | Found Kuphah's Magic Scroll Shoppe.
 16497 | Elf:1    | Bought a scroll of identify for 30 gold pieces
 16497 | Elf:1    | Bought a scroll of vulnerability for 112 gold pieces
 16497 | Elf:1    | Bought a scroll of identify for 30 gold pieces
 16497 | Elf:1    | Bought a scroll of random uselessness for 15 gold pieces
 16497 | Elf:1    | Bought a scroll of teleportation for 45 gold pieces
 16497 | Elf:1    | Bought a scroll of vulnerability for 112 gold pieces
 16893 | Elf:2    | Received a gift from Okawaru
 17707 | Elf:2    | Received a gift from Okawaru
 18496 | Elf:2    | Found a runed gate.
 18497 | Elf:2    | Found a runed gate.
 18497 | Elf:2    | Found a runed gate.
 18940 | Elf:2    | Gained mutation: Your large and strong wings let you fly
                  | indefinitely. [Gargoyle growth]
 18940 | Elf:2    | Reached XP level 14. HP: 52/84 MP: 9/16
 19786 | Elf:2    | HP: 2/84 [dire flail of holy wrath (11)]
 19790 | Elf:2    | Killed from afar by a deep elf mage

Skill      XL: |  1  2  3  4  5  6  7  8  9 10 11 12 13 |
---------------+----------------------------------------+-----
Maces & Flails | 3 4 5 6 7 9 11 13 14 | 14.2
Fighting       | 5 7 8 |  8.5
Armour         | 5 7 10 12 | 12.4
Stealth        | 3 |  3.3
Invocations    | 3 |  3.0
Shields        | 8 11 14 | 14.9

Action                   |  1- 3 |  4- 6 |  7- 9 | 10-12 | 13-15 || total
-------------------------+-------+-------+-------+-------+-------++-------
Melee: Flail             |    84 |   149 |   500 |   414 |       ||  1147
       Morningstar       |       |       |       |   442 |    39 ||   481
       Demon whip        |       |       |       |       |   409 ||   409
       Eveningstar       |       |       |       |       |    40 ||    40
Invok: Heroism           |       |       |     1 |    13 |    10 ||    24
       Finesse           |       |       |       |     1 |       ||     1
Evoke: Wand              |       |       |       |     1 |       ||     1
  Use: Scroll            |     1 |     2 |     8 |     5 |     3 ||    19
       Potion            |       |       |       |     1 |     4 ||     5
  Eat: Chunk             |     1 |     4 |    16 |    25 |     7 ||    53
       Ration            |       |     1 |       |       |     2 ||     3
Armor: Scale mail        |    37 |    62 |   255 |   177 |       ||   531
       Chain mail        |       |       |       |   167 |       ||   167
       Plate armour      |       |       |       |    37 |   203 ||   240
Dodge: Dodged            |    17 |    32 |   116 |   171 |    73 ||   409
Block: Shield            |    30 |    68 |   188 |   404 |   195 ||   885
